 Dungeon Crawl Stone Soup version 0.30.1-11-g7821555f0a (webtiles) character file.

Game seed: 2150842433168448002

112 monsoonserge the Grasshopper (level 4, -6/34 HPs)
             Began as a Demonspawn Warper on Jan 4, 2024.
             Mangled by a gnoll
             ... wielding a +0 flail
              (9 damage)
             ... on level 3 of the Dungeon.
             The game lasted 00:04:59 (2083 turns).

monsoonserge the Grasshopper (Demonspawn Warper)    Turns: 2083, Time: 00:04:59

Health: -6/34      AC:  4    Str: 12    XL:     4   Next: 64%
Magic:  6/7        EV: 12    Int: 16    God:
Gold:   116        SH:  0    Dex: 12    Spells: 5/7 levels left

rFire   . . .        a - +0 falchion
rCold   . . .        (no shield)
rNeg    . . .        b - +0 leather armour
rPois   .            (no helmet)
rElec   .            (no cloak)
rCorr   .            (no gloves)
SInv    .            r - +0 pair of boots {rampage}
Will    .....        (no amulet)
Stlth   +            (no ring)
HPRegen 0.25/turn    (no ring)
MPRegen 0.20/turn

%: rampage
@: no status effects
A: magic regeneration
a: no special abilities


You were on level 3 of the Dungeon.
You visited 1 branch of the dungeon, and saw 3 of its levels.

You collected 116 gold pieces.

Inventory:

Hand Weapons
 a - a +0 falchion (weapon)
Missiles
 d - 7 boomerangs of dispersal
 h - 4 atropa-tipped darts (quivered)
Armour
 b - a +0 leather armour (worn)
 r - a +0 pair of boots of rampaging (worn)
Scrolls
 c - a scroll of blinking
 e - 3 scrolls of identify {unknown}
 f - 5 scrolls of poison {unknown}
 g - a scroll of silence {unknown}
 m - a scroll of fog {unknown}
 n - a scroll of enchant weapon {unknown}
 o - a scroll of butterflies {unknown}
 p - a scroll of teleportation {unknown}
 s - a scroll of vulnerability {unknown}
 t - a scroll of noise {unknown}
Potions
 i - a potion of cancellation {unknown}
 j - 3 potions of attraction {unknown}
 k - a potion of brilliance {unknown}
 l - 2 potions of degeneration {unknown}
 q - a potion of resistance {unknown}


   Skills:
 + Level 2.7 Fighting
 + Level 2.5 Long Blades
 - Level 1.0 Throwing
 + Level 1.9 Armour
 + Level 2.5 Dodging
 - Level 2.0 Spellcasting
 + Level 3.2 Translocations


You had 5 spell levels left.
You knew the following spells:

 Your Spells              Type           Power      Damage    Failure   Level
a - Blink                 Tloc           24%        N/A       11%         2

Your spell library contained the following spells:

 Spells                   Type           Power      Damage    Failure   Level
 Lesser Beckoning         Tloc           24%        N/A       11%         2
 Teleport Other           Tloc           12%        N/A       21%         3
 Vhi's Electric Charge    Tloc/Air       12%        N/A       38%         3
 Manifold Assault         Tloc           12%        N/A       56%         4
 Ozocubu's Armour         Ice            1%         N/A       61%         3
 Ozocubu's Refrigeration  Ice            0%         4d7       100%        7


Dungeon Overview and Level Annotations

Branches:
Dungeon (3/15)

Altars:
Gozag
Kikubaaqudgha
Okawaru
Qazlal

Annotations:
D:3 1 runed translucent door, zazaan's ghost, amateur DjCj


Innate Abilities, Weirdness & Mutations

You regenerate magic rapidly.


Message History

The gnoll hits you with a +0 flail.
You barely miss the gnoll.
The gnoll is heavily wounded.
The gnoll misses you. The gnoll barely misses you.
You hit the gnoll but do no damage.
The gnoll is heavily wounded.
The gnoll hits you with a +0 flail!
* * * LOW HITPOINT WARNING * * *
Casting: Blink (safe; 11% risk of failure)
Confirm with . or Enter, or press ? or * to list all spells.
You blink.
Throw: 6 darts (atropa)
Press: ? - help, Q - select action, (/) - cycle Shift-Dir - straight line, f - gnoll
Aim: a gnoll, wielding a +0 flail (heavily wounded, 61% to hit, chance to blind on hit: 100%)
You throw an atropa-tipped dart. The atropa-tipped dart hits the gnoll.
The gnoll appears confused.
The gnoll is heavily wounded.
You catch the helpless gnoll completely off-guard!
You hit the gnoll.
The gnoll is almost dead.
The gnoll seems less confused.
Throw: 5 darts (atropa)
Press: ? - help, Q - select action, (/) - cycle Shift-Dir - straight line, f - gnoll, p - gnoll
Aim: a gnoll, wielding a +0 whip (61% to hit, chance to blind on hit: 100%)
You throw an atropa-tipped dart.
The atropa-tipped dart closely misses the gnoll.
Unknown command.
You hit the gnoll.
The gnoll is lightly wounded.
You feel stable enough to blink again. The gnoll hits you with a +0 whip.
* * * LOW HITPOINT WARNING * * *
Unknown command.
You barely miss the gnoll.
The gnoll is lightly wounded.
The gnoll is no longer blind.
The gnoll barely misses you.
You barely miss the gnoll.
The gnoll is almost dead.
The gnoll hits you with a +0 flail!
You die...

########...#......~
##....####.. #.#.##
#.. #<#.# #..
######(#.## #..
#.(.......## #..
###(####.#.#.###.#
#_g.._#...........
#@g#..##.#...####.
##.#.####....# #.
.....####...# #.
#_.#._#.###.## #.
########.##.# #.
#.###.#####.
#######.##........
................>.
#################.


You could see 2 gnolls.

Vanquished Creatures
  3 adders (D:2)
  2 gnolls
  A worm (D:2)
  2 dart slugs
  8 ball pythons
  3 endoplasms
  3 giant cockroaches
  3 goblins
  8 hobgoblins
  2 jackals (D:1)
  2 quokkas
  10 bats
  3 frilled lizards
  A kobold (D:2)
  6 rats
57 creatures vanquished.

Notes
Turn   | Place    | Note
-------+----------+-------------------------------------------
     0 | D:1      | monsoonserge the Demonspawn Warper began the quest for the
                  | Orb.
     0 | D:1      | Reached XP level 1. HP: 16/16 MP: 3/3
    73 | D:1      | Reached skill level 1 in Throwing
    73 | D:1      | Reached skill level 1 in Armour
   152 | D:1      | Gained mutation: You regenerate magic rapidly. [demonic
                  | ancestry]
   152 | D:1      | Reached XP level 2. HP: 22/22 MP: 5/5
   341 | D:1      | Learned a level 2 spell: Blink
   448 | D:1      | Reached XP level 3. HP: 20/28 MP: 6/6
   646 | D:1      | Reached skill level 3 in Translocations
  1140 | D:2      | Reached XP level 4. HP: 27/34 MP: 7/7
  1209 | D:2      | HP: 1/34 [poisoned by an adder]
  1872 | D:3      | Found a runed translucent door.
  1872 | D:3      | Noticed zazaan's ghost (amateur DjCj)
  2055 | D:3      | Found an iron altar of Okawaru.
  2056 | D:3      | Found an opulent altar of Gozag.
  2057 | D:3      | Found an ancient bone altar of Kikubaaqudgha.
  2057 | D:3      | Found a stormy altar of Qazlal.
  2083 | D:3      | Mangled by a gnoll

Illustrated notes

Levels and vault maps discovered:
D:1:      lightli_arrival_statuegarden, layout_loops_ring
D:2:      layout_loops_ring, basic_altar, minmay_ruptured
D:3:      layout_loops_ring, mainiacjoe_overflow_alcove_3,
          nicolae_elyvilon_temple_path, serial_rivers,
          chequers_serial_rivers_micro_c, chequers_serial_rivers_small_a,
          chequers_serial_rivers_micro_a, chequers_serial_rivers_large_a,
          chequers_serial_rivers_micro_a, ebering_ghost_sewer_d, minmay_unequal,
          uniq_natasha

Skill      XL: |  1  2  3 |
---------------+----------+-----
Throwing       | 1 |  1.0
Armour         | 1 |  1.9
Long Blades    | 2 |  2.5
Dodging        | 2 |  2.5
Translocations | 3 |  3.2
Fighting       | |  2.7
Spellcasting   | |  2.0

Action                     |  1- 3 |  4- 6 || total
---------------------------+-------+-------++-------
  Melee: Falchion          |   142 |    72 ||   214
         Punch             |     1 |     1 ||     2
  Throw: Dart              |       |     2 ||     2
   Cast: Blink             |     1 |     1 ||     2
   Stab: Sleeping          |     2 |       ||     2
         Invisible         |       |     1 ||     1
 Armour: Leather armour    |    49 |     8 ||    57
  Dodge: Dodged            |   132 |    44 ||   176
